 Dungeon Crawl Stone Soup version 0.18.1-8-gdd0e5ea (webtiles) character file.

484 LORDOFBUTT the Insei (level 6, 0/48 HPs)
             Began as a Demonspawn Monk on May 25, 2016.
             Slain by an orc wizard
             ... wielding a +0 dagger
              (2 damage)
             ... on level 5 of the Dungeon.
             The game lasted 00:05:47 (4128 turns).

LORDOFBUTT the Insei (Demonspawn Monk)              Turns: 4128, Time: 00:05:47

Health: 0/48       AC:  5    Str: 10 (11) XL:     6   Next: 88%
Magic:  6/6        EV: 23    Int: 15 (17) God:
Gold:   268        SH:  2    Dex: 21 (22) Spells: 0 memorised, 5 levels left

rFire  . . .     SeeInvis .       - Unarmed
rCold  . . .     Gourm    .     a - +0 robe
rNeg   . . .     Faith    .     (no shield)
rPois  .         Spirit   .     r - +0 helmet
rElec  .         Dismiss  .     (no cloak)
rCorr  .         Reflect  .     (no gloves)
SustAt .         Harm     .     (no boots)
MR     .....                    (no amulet)
Stlth  +++++.....               d - +3 ring of evasion
                                (no ring)

@: brilliant, agile, hasted, very quick, not resistant to hostile enchantments,
quite stealthy
A: large bone plates 1, demonic guardian 2, nightstalker 1
a: no special abilities


You were on level 5 of the Dungeon.
You were not hungry.

You visited 1 branch of the dungeon, and saw 5 of its levels.

You collected 268 gold pieces.

Inventory:

Armour
 a - a +0 robe (worn)
 r - a +0 helmet (worn)
Jewellery
 d - a +3 ring of evasion (right hand)
 e - an uncursed ring of sustain attributes
Wands
 v - a wand of lightning (9/15)
Scrolls
 c - 3 scrolls of enchant armour {unknown}
 f - 2 scrolls of teleportation {unknown}
 h - a scroll of random uselessness {unknown}
 i - 2 scrolls of fear {unknown}
 m - a scroll of blinking {unknown}
 n - a scroll of identify {unknown}
 o - a scroll of enchant weapon {unknown}
 q - a scroll of fog {unknown}
 w - a scroll of immolation {unknown}
 x - a scroll of remove curse {unknown}
Potions
 g - 2 potions of brilliance
 k - 2 potions of agility
 t - a potion of beneficial mutation {unknown}
 u - a potion of curing {unknown}
Comestibles
 b - 4 bread rations
 j - a royal jelly
 s - a meat ration
 z - a slice of pizza


   Skills:
 + Level 4.0 Fighting
 + Level 3.9 Dodging
 * Level 4.9 Stealth
 + Level 4.9 Unarmed Combat


You had 5 spell levels left.
You didn't know any spells.

Dungeon Overview and Level Annotations

Branches:
Dungeon (5/15)
 Temple: D:4-7

Altars:
Xom
Yredelemnul
Zin


Innate Abilities, Weirdness & Mutations

You are partially covered in large bone plates (AC +2, SH +2).
A demonic guardian rushes to your aid.
You are slightly more attuned to the shadows.


Message History

The orc wizard casts a spell at you. The puff of frost hits you!
* * * LOW HITPOINT WARNING * * *
An orc comes into view.
The orc wizard barely misses you.
Things that are here:
a morningstar; an orc corpse The orc wizard closely misses you.
Drink which item? (? for menu, Esc to quit)
It was a potion of degeneration.
There was something very wrong with that liquid.
You feel weakened.
You feel dopey.
You feel clumsy. Something closely misses you.
The orc wizard closely misses you.
Drink which item? (? for menu, Esc to quit)
It was a potion of haste.
You feel yourself speed up.
You feel less confused. Something hits you.
* * * LOW HITPOINT WARNING * * *
The orc wizard hits you with a dagger.
You die...

.......#########
#......$.........
#.........?......
#..........).....
#......<..)).....
#.........)......
#...!............
#....).o.........
#...†o@#####.....
#....{.+ .....
#......# ...
#......# #......#
#......# #......#
####+###


You could see an orc wizard and an orc.

Vanquished Creatures
  An ogre (D:4)
  An orc priest (D:5)
  2 iguanas (D:4)
  5 worker ants (D:4)
  4 adders
  An ooze (D:4)
  An adder skeleton (D:4)
  A worm (D:2)
  3 dart slugs
  3 giant geckos
  6 orcs
  5 giant cockroaches
  9 goblins
  6 hobgoblins
  4 jackals
  6 bats
  A giant gecko skeleton (D:4)
  8 giant newts
  4 kobolds
  5 rats
76 creatures vanquished.

Vanquished Creatures (collateral kills)
  A scorpion (D:4)
  A howler monkey (D:5)
  An iguana (D:5)
  An orc wizard (D:5)
  3 orcs (D:5)
7 creatures vanquished.

Grand Total: 83 creatures vanquished

Notes
Turn   | Place    | Note
--------------------------------------------------------------
     0 | D:1      | LORDOFBUTT the Demonspawn Monk began the quest for the Orb.
     0 | D:1      | Reached XP level 1. HP: 18/18 MP: 1/1
   138 | D:1      | Gained mutation: A weak demonic guardian rushes to your aid. [demonic ancestry]
   138 | D:1      | Reached XP level 2. HP: 21/24 MP: 2/2
   864 | D:2      | Gained mutation: You are partially covered in large bone plates (AC +2, SH +2). [demonic ancestry]
   864 | D:2      | Reached XP level 3. HP: 29/29 MP: 3/3
  1326 | D:2      | Gained mutation: You are slightly more attuned to the shadows. [demonic ancestry]
  1326 | D:2      | Reached XP level 4. HP: 35/35 MP: 4/4
  2407 | D:3      | Found a basalt altar of Yredelemnul.
  2662 | D:4      | Gained mutation: A demonic guardian rushes to your aid. [demonic ancestry]
  2662 | D:4      | Reached XP level 5. HP: 22/41 MP: 5/5
  2983 | D:4      | Found a shimmering altar of Xom.
  2983 | D:4      | Found a glowing silver altar of Zin.
  2984 | D:4      | Noticed an angel
  3428 | D:4      | Noticed an ogre
  3436 | D:4      | Killed an ogre
  3436 | D:4      | Reached XP level 6. HP: 47/47 MP: 6/6
  4102 | D:5      | Entered Level 5 of the Dungeon
  4128 | D:5      | HP: 2/48 [something (5)]
  4128 | D:5      | Slain by an orc wizard

Skill      XL: |  1  2  3  4  5  6 |
---------------+-------------------+-----
Unarmed Combat | 4 |  4.9
Stealth        | 2 3 4 |  4.9
Dodging        | 3 |  3.9
Fighting       | 4 |  4.0

Action                   |  1- 3 |  4- 6 || total
-------------------------+-------+-------++-------
Melee: Unarmed           |   122 |   204 ||   326
       Punch             |     2 |     8 ||    10
  Use: Potion            |       |     4 ||     4
 Stab: Sleeping          |     9 |    11 ||    20
       Distracted        |       |     2 ||     2
  Eat: Beef jerky        |     2 |       ||     2
       Pizza             |     1 |       ||     1
       Bread ration      |       |     1 ||     1
       Chunk             |       |     1 ||     1
Armor: Robe              |    22 |    15 ||    37
Dodge: Dodged            |    70 |   126 ||   196
Block: Other             |     1 |    15 ||    16
